Warning! The script has encountered some errors when parsing the replay. Please report them to the . » details
0x00, prev: 0x16: 16 02 09 00 4A 09 00 00 C6 F1 0A 00 15 3B 00 00 5E 5D 0A 00 72 4E 00 00 85 5D 0A 00 9D 58 00 00 7D C8 0A 00 F8 58 00 00 DA 5D 09 00 08 61 00 00 19 9B 0A 00 91 63 00 00 EF 7F 0A 00 07 64 00 00 C8 7F 0A 00 D6 65 00 00 56 B3 0A 00 [00] 00 00 00 00 00 00 00 00 00 00 00 00 00 00 00 00 00 00 00 00 00 00 00 02 00
0x00, prev: 0x00: 16 02 09 00 4A 09 00 00 C6 F1 0A 00 15 3B 00 00 5E 5D 0A 00 72 4E 00 00 85 5D 0A 00 9D 58 00 00 7D C8 0A 00 F8 58 00 00 DA 5D 09 00 08 61 00 00 19 9B 0A 00 91 63 00 00 EF 7F 0A 00 07 64 00 00 C8 7F 0A 00 D6 65 00 00 56 B3 0A 00 00 00 00 00 00 00 00 00 00 00 00 00 00 00 00 00 00 00 00 00 00 00 [00] 00 02 00
0x00, prev: 0x02: 16 02 09 00 4A 09 00 00 C6 F1 0A 00 15 3B 00 00 5E 5D 0A 00 72 4E 00 00 85 5D 0A 00 9D 58 00 00 7D C8 0A 00 F8 58 00 00 DA 5D 09 00 08 61 00 00 19 9B 0A 00 91 63 00 00 EF 7F 0A 00 07 64 00 00 C8 7F 0A 00 D6 65 00 00 56 B3 0A 00 00 00 00 00 00 00 00 00 00 00 00 00 00 00 00 00 00 00 00 00 00 00 00 00 02 [00]
0x00, prev: 0x05: 16 02 01 00 16 57 00 00 19 46 05 00 00 00 00 00 00 00 00 00 00 00 00 00 00 00 00 00 00 00 00 00 00 00 00 00 05 [00]
0x00, prev: 0x01: 16 02 01 00 13 59 00 00 99 D6 06 00 00 00 00 00 00 00 00 00 00 00 00 00 00 00 00 00 00 00 00 00 00 00 00 00 01 [00]
0x0F, prev: 0x00: 16 02 01 00 E0 45 00 00 79 C7 00 00 00 00 00 00 00 00 00 00 00 00 00 00 00 00 00 00 00 00 00 00 00 00 00 00 [0F] 00
0x0A, prev: 0x00: 16 02 01 00 3A 45 00 00 29 F5 00 00 00 00 00 00 00 00 00 00 00 00 00 00 00 00 00 00 00 00 00 00 00 00 00 00 [0A] 00
0x0E, prev: 0x00: 16 02 01 00 5F 67 00 00 56 11 0E 00 00 00 00 00 00 00 00 00 00 00 00 00 00 00 00 00 00 00 00 00 00 00 00 00 [0E] 00
0x00, prev: 0x04: 16 02 01 00 F0 3E 00 00 DE 80 03 00 00 00 00 00 00 00 00 00 00 00 00 00 00 00 00 00 00 00 00 00 00 00 00 00 04 [00]
0x09, prev: 0x00: 16 02 01 00 E0 45 00 00 79 C7 00 00 00 00 00 00 00 00 00 00 00 00 00 00 00 00 00 00 00 00 00 00 00 00 00 00 [09] 00
0x0C, prev: 0x00: 16 02 01 00 C1 41 00 00 36 7C 04 00 00 00 00 00 00 00 00 00 00 00 00 00 00 00 00 00 00 00 00 00 00 00 00 00 [0C] 00
General information
- name: BNet
- type: Ladder team game (AT/RT)
- host: Battle.net
- saver: BruceWillisUSA
map: Highperch
- players: 6
- length: 115:49
- speed: Fast
- version: 1.23 W3XP
- replay type: Public
» download(323 KB)
Players
team 1 (loser)
T-Tigers28 (
yellow | 15 APM | 1213 actions | 78:48)
8 Death Knight
3 Death Coil
3 Unholy Aura
1 Animate Dead
1 Death Pact
» actions
| Assign group hotkey | 5 | |
| Build / train | 70 | |
| ESC pressed | 1 | |
| Enter build submenu | 25 | |
| Enter hero's abilities submenu | 8 | |
| Remove unit from queue | 3 | |
| Right click | 569 | |
| Select / deselect | 442 | |
| Select group hotkey | 42 | |
| Use ability | 48 | |
1213 total
» units
| Acolyte | 11 | |
| Ghoul | 6 | |
| Crypt Fiend | 9 | |
| Obsidian Statue | 1 | |
| Frost Wyrm | 15 | |
| Meatwagon | 3 | |
45 total
» upgrades
| Creature Attack | 3 | |
| Creature Carapace | 3 | |
| Web | 1 | |
| Freezing Breath | 1 | |
| Exhume Corpses | 1 | |
9 total
» buildings
| Graveyard | 1 | |
| Crypt | 1 | |
| Ziggurat | 12 | |
| Altar of Darkness | 1 | |
| Nerubian Tower | 1 | |
| Halls of the Dead | 1 | |
| Tomb of Relics | 1 | |
| Slaughterhouse | 2 | |
| Black Citadel | 1 | |
| Sacrificial Pit | 1 | |
| Boneyard | 2 | |
| Spirit Tower | 1 | |
25 total
» build order
00:33 Graveyard
00:36 Crypt
00:42 Ziggurat
01:02 Altar of Darkness
01:15 Ziggurat
01:47 Nerubian Tower
02:51 Ziggurat
04:04 Halls of the Dead
05:50 Ziggurat
06:01 Tomb of Relics
07:17 Slaughterhouse
07:28 Slaughterhouse
09:15 Black Citadel
10:49 Sacrificial Pit
11:56 Boneyard
12:10 Boneyard
12:19 Ziggurat
14:29 Ziggurat
14:44 Ziggurat
16:49 Ziggurat
16:58 Ziggurat
18:01 Ziggurat
18:03 Ziggurat
18:05 Ziggurat
19:35 Spirit Tower

»
baddboi (
blue | 20 APM | 880 actions | 44:49)
6 Shadow Hunter
3 Serpent Ward
2 Healing Wave
1 Big Bad Voodoo
» actions
| Assign group hotkey | 47 | |
| Build / train | 90 | |
| Enter build submenu | 32 | |
| Enter hero's abilities submenu | 6 | |
| Remove unit from queue | 5 | |
| Right click | 298 | |
| Select / deselect | 273 | |
| Select group hotkey | 57 | |
| Use ability | 72 | |
880 total
» units
| Peon | 16 | |
| Troll Headhunter/Berserker | 4 | |
| Wind Rider | 19 | |
| Shaman | 9 | |
| Demolisher | 7 | |
| Troll Batrider | 10 | |
65 total
» upgrades
| Ranged Weapons | 3 | |
| Shaman Training | 2 | |
| Envenomed Spears | 1 | |
| Armor | 2 | |
| Reinforced Defenses | 1 | |
| Burning Oil | 1 | |
| Liquid Fire | 1 | |
11 total
» buildings
| Altar of Storms | 1 | |
| Orc Burrow | 8 | |
| War Mill | 1 | |
| Stronghold | 1 | |
| Barracks | 3 | |
| Watch Tower | 8 | |
| Fortress | 1 | |
| Spirit Lodge | 1 | |
| Beastiary | 4 | |
| Great Hall | 2 | |
| Voodoo Lounge | 1 | |
31 total
» build order
00:07 Altar of Storms
00:11 Orc Burrow
01:09 War Mill
01:20 Orc Burrow
02:34 Stronghold
02:52 Barracks
03:11 Watch Tower
04:01 Orc Burrow
04:24 Watch Tower
04:56 Fortress
05:07 Spirit Lodge
05:36 Beastiary
06:34 Orc Burrow
08:36 Orc Burrow
10:42 Orc Burrow
11:47 Great Hall
14:50 Watch Tower
16:22 Watch Tower
16:53 Watch Tower
17:03 Barracks
17:29 Watch Tower
18:02 Watch Tower
19:37 Watch Tower
20:54 Barracks
24:28 Orc Burrow
28:22 Orc Burrow
32:03 Great Hall
32:42 Beastiary
32:47 Beastiary
32:53 Beastiary
33:56 Voodoo Lounge
Rocky-RR (
green | 46 APM | 2490 actions | 53:37)
7 Tauren Chieftain
3 Shockwave
3 Endurance Aura
1 Reincarnation
» actions
| Assign group hotkey | 51 | |
| Basic commands | 4 | |
| Build / train | 65 | |
| ESC pressed | 1 | |
| Enter build submenu | 23 | |
| Enter hero's abilities submenu | 7 | |
| Give item / drop item | 6 | |
| Remove unit from queue | 1 | |
| Right click | 781 | |
| Select / deselect | 502 | |
| Select group hotkey | 962 | |
| Use ability | 87 | |
2490 total
» units
| Peon | 8 | |
| Grunt | 14 | |
| Tauren | 6 | |
| Troll Witch Doctor | 5 | |
| Wind Rider | 2 | |
35 total
» upgrades
| Pillage | 1 | |
| Berserker Strength | 1 | |
| Armor | 1 | |
| Melee Weapons | 2 | |
| Spiked Barricades | 1 | |
| Witch Doctor Training | 2 | |
| Pulverize | 1 | |
9 total
» buildings
| Orc Burrow | 9 | |
| Barracks | 1 | |
| Altar of Storms | 1 | |
| Voodoo Lounge | 2 | |
| Stronghold | 1 | |
| Fortress | 1 | |
| War Mill | 1 | |
| Tauren Totem | 1 | |
| Spirit Lodge | 1 | |
| Watch Tower | 4 | |
22 total
» build order
00:07 Orc Burrow
00:11 Barracks
00:29 Altar of Storms
01:36 Orc Burrow
02:15 Voodoo Lounge
03:40 Orc Burrow
04:42 Orc Burrow
05:09 Stronghold
08:41 Fortress
08:43 War Mill
11:30 Tauren Totem
12:16 Orc Burrow
12:48 Spirit Lodge
12:52 Orc Burrow
13:15 Orc Burrow
13:18 Watch Tower
14:19 Orc Burrow
14:28 Watch Tower
15:34 Orc Burrow
16:48 Watch Tower
18:06 Voodoo Lounge
19:27 Watch Tower
» items
| Healing Salve | 3 | |
| Lesser Clarity Potion | 2 | |
| Circlet of Nobility | 1 | |
| Scroll of Speed | 1 | |
| Scroll of Town Portal | 1 | |
| Staff of Teleportation | 1 | |
9 total
team 2 (winner)
SVKdude (
red | 28 APM | 1475 actions | 53:37)
7 Mountain King
3 Storm Bolt
2 Bash
1 Thunder Clap
1 Avatar
3 Paladin
2 Holy Light
1 Divine Shield
» actions
| Basic commands | 7 | |
| Build / train | 82 | |
| Enter build submenu | 18 | |
| Enter hero's abilities submenu | 11 | |
| Give item / drop item | 2 | |
| Remove unit from queue | 1 | |
| Right click | 848 | |
| Select / deselect | 407 | |
| Use ability | 99 | |
1475 total
» units
| Peasant | 12 | |
| Rifleman | 12 | |
| Footman | 1 | |
| Gryphon Rider | 10 | |
| Razormane Medicine Man | 1 | |
| Dragonhawk Rider | 2 | |
38 total
» upgrades
| Gunpowder | 3 | |
| Long Rifles | 1 | |
| Armor | 3 | |
| Swords | 3 | |
| Storm Hammers | 1 | |
| Plating | 2 | |
13 total
» buildings
| Altar of Kings | 1 | |
| Farm | 8 | |
| Blacksmith | 1 | |
| Barracks | 1 | |
| Scout Tower | 1 | |
| Keep | 1 | |
| Arcane Vault | 1 | |
| Lumber Mill | 1 | |
| Castle | 1 | |
| Gryphon Aviary | 1 | |
| Town Hall | 1 | |
18 total
» build order
00:10 Altar of Kings
00:16 Farm
00:30 Blacksmith
01:27 Barracks
01:44 Farm
02:26 Farm
02:47 Scout Tower
03:15 Keep
03:48 Arcane Vault
04:05 Farm
05:33 Lumber Mill
07:23 Castle
07:31 Farm
07:38 Gryphon Aviary
08:30 Farm
09:19 Town Hall
11:38 Farm
15:50 Farm
» items
| Scroll of Regeneration | 7 | |
| Potion of Mana | 1 | |
| Scroll of Town Portal | 4 | |
| Orb of Fire | 1 | |
| Scroll of Protection | 1 | |
| Boots of Speed | 1 | |
| Staff of Teleportation | 1 | |
16 total

»
BruceWillisUSA (
teal | 51 APM | 4062 actions | 79:06)
5 Archmage
2 Blizzard
3 Brilliance Aura
5 Paladin
3 Holy Light
2 Divine Shield
4 Goblin Tinker
2 Pocket Factory
2 Engineering Upgrade
2 Mountain King
1 Bash
1 Storm Bolt
» actions
| Assign group hotkey | 46 | |
| Basic commands | 218 | |
| Build / train | 155 | |
| ESC pressed | 26 | |
| Enter build submenu | 80 | |
| Enter hero's abilities submenu | 17 | |
| Give item / drop item | 14 | |
| Right click | 1376 | |
| Select / deselect | 759 | |
| Select group hotkey | 967 | |
| Use ability | 404 | |
4062 total
» units
| Peasant | 22 | |
| Sorceress | 2 | |
| Siege Engine | 6 | |
| Mortar Team | 2 | |
| Dragonhawk Rider | 10 | |
| Flying Machine | 16 | |
58 total
» upgrades
| Masonry | 3 | |
| Lumber Harvesting | 2 | |
| Gunpowder | 4 | |
| Magic Sentry | 1 | |
| Sorceress Training | 2 | |
| Fragmentation Shards | 1 | |
| Barrage | 1 | |
| Flak Cannons | 1 | |
| Armor | 3 | |
| Flying Machine Bombs | 1 | |
| Cloud | 1 | |
20 total
» buildings
| Altar of Kings | 1 | |
| Farm | 14 | |
| Lumber Mill | 2 | |
| Scout Tower | 51 | |
| Guard Tower | 27 | |
| Town Hall | 1 | |
| Keep | 1 | |
| Arcane Vault | 1 | |
| Blacksmith | 1 | |
| Castle | 1 | |
| Arcane Sanctum | 2 | |
| Workshop | 2 | |
| Arcane Tower | 4 | |
| Gryphon Aviary | 2 | |
110 total
» build order
00:29 Altar of Kings
00:34 Farm
00:53 Lumber Mill
01:16 Farm
02:08 Farm
02:17 Scout Tower
02:19 Scout Tower
02:51 Scout Tower
02:53 Scout Tower
02:54 Guard Tower
02:56 Scout Tower
03:01 Scout Tower
03:03 Guard Tower
03:19 Guard Tower
03:22 Scout Tower
03:26 Guard Tower
03:28 Scout Tower
03:29 Scout Tower
03:39 Scout Tower
03:40 Guard Tower
03:59 Guard Tower
04:01 Guard Tower
04:02 Scout Tower
04:03 Scout Tower
04:29 Guard Tower
04:34 Guard Tower
04:43 Scout Tower
04:44 Scout Tower
05:44 Town Hall
05:52 Scout Tower
05:53 Scout Tower
05:56 Guard Tower
05:58 Scout Tower
05:58 Scout Tower
06:07 Scout Tower
06:51 Keep
07:04 Guard Tower
07:31 Guard Tower
07:33 Scout Tower
07:34 Scout Tower
07:36 Guard Tower
07:38 Scout Tower
07:38 Scout Tower
07:39 Scout Tower
07:40 Scout Tower
08:34 Guard Tower
08:36 Arcane Vault
08:41 Guard Tower
08:43 Scout Tower
08:44 Scout Tower
09:17 Blacksmith
09:19 Farm
09:50 Castle
10:01 Arcane Sanctum
10:07 Guard Tower
10:35 Arcane Sanctum
10:49 Scout Tower
10:51 Scout Tower
10:53 Scout Tower
10:56 Scout Tower
11:34 Workshop
11:37 Workshop
12:45 Scout Tower
13:08 Scout Tower
13:09 Scout Tower
13:09 Scout Tower
13:14 Arcane Tower
14:40 Guard Tower
14:51 Gryphon Aviary
14:51 Gryphon Aviary
16:20 Farm
16:21 Farm
16:21 Farm
16:24 Farm
16:24 Farm
16:24 Farm
19:37 Guard Tower
19:48 Guard Tower
20:08 Farm
20:19 Farm
20:19 Farm
23:39 Guard Tower
24:04 Guard Tower
31:26 Lumber Mill
33:22 Scout Tower
33:25 Scout Tower
33:28 Scout Tower
33:31 Scout Tower
33:52 Guard Tower
34:15 Guard Tower
35:23 Scout Tower
35:31 Scout Tower
35:59 Guard Tower
37:04 Scout Tower
37:07 Scout Tower
37:41 Scout Tower
38:12 Guard Tower
38:19 Scout Tower
38:20 Scout Tower
38:27 Scout Tower
38:52 Guard Tower
39:12 Guard Tower
53:37 Arcane Tower
» items
| Boots of Speed | 3 | |
| Staff of Teleportation | 4 | |
| Staff of Sanctuary | 3 | |
| Ivory Tower | 13 | |
| Orb of Fire | 2 | |
25 total

»
nicosan (
pink | 24 APM | 612 actions | 25:00)
3 Mountain King
2 Storm Bolt
1 Bash
2 Pandaren Brewmaster
1 Breath of Fire
1 Drunken Brawler
» actions
| Assign group hotkey | 20 | |
| Basic commands | 2 | |
| Build / train | 67 | |
| Enter build submenu | 33 | |
| Enter hero's abilities submenu | 5 | |
| Remove unit from queue | 2 | |
| Right click | 193 | |
| Select / deselect | 140 | |
| Select group hotkey | 97 | |
| Use ability | 53 | |
612 total
» units
| Peasant | 8 | |
| Footman | 6 | |
| Rifleman | 2 | |
| Knight | 18 | |
34 total
» upgrades
| Animal War Training | 1 | |
| Masonry | 3 | |
| Swords | 2 | |
| Plating | 2 | |
8 total
» buildings
| Farm | 14 | |
| Altar of Kings | 1 | |
| Barracks | 2 | |
| Lumber Mill | 1 | |
| Scout Tower | 15 | |
| Guard Tower | 8 | |
| Keep | 1 | |
| Blacksmith | 1 | |
| Arcane Tower | 4 | |
| Castle | 1 | |
48 total
» build order
00:37 Farm
00:46 Altar of Kings
01:01 Barracks
01:37 Farm
02:13 Lumber Mill
03:01 Scout Tower
03:09 Scout Tower
03:15 Scout Tower
03:22 Scout Tower
04:01 Guard Tower
04:03 Guard Tower
04:11 Farm
04:18 Scout Tower
04:22 Guard Tower
04:50 Keep
05:18 Guard Tower
05:24 Farm
05:32 Scout Tower
06:11 Blacksmith
06:17 Guard Tower
06:31 Scout Tower
06:59 Guard Tower
07:07 Scout Tower
07:19 Farm
07:41 Arcane Tower
09:02 Scout Tower
09:16 Barracks
09:22 Castle
09:39 Arcane Tower
10:39 Scout Tower
11:10 Farm
11:41 Arcane Tower
12:16 Scout Tower
12:45 Farm
12:59 Farm
14:21 Farm
14:26 Farm
14:52 Arcane Tower
16:13 Farm
16:19 Farm
17:56 Farm
18:06 Farm
19:10 Scout Tower
19:16 Scout Tower
20:16 Guard Tower
20:17 Guard Tower
20:22 Scout Tower
20:29 Scout Tower
» items
| Orb of Fire | 1 | |
| Scroll of Regeneration | 1 | |
2 total
Chat log
(00:10 / Allies) BruceWillisUSA: ahuehaeuhauheuhaeuheauheauah
(00:16 / Allies) nicosan: hehhahehhahjdhherhe
(00:22 / Allies) BruceWillisUSA: aheuheuaheuaheaheuuaheuhehueauauhaeuhehuae
(00:27 / Allies) nicosan: :)
(00:39 / Allies) SVKdude: not bad
(00:58 / Allies) BruceWillisUSA: u guys
(01:00 / Allies) BruceWillisUSA: wnana make a tower wall
(01:05 / Allies) BruceWillisUSA: ?
(01:14 / Allies) SVKdude: ?
(01:18 / Allies) BruceWillisUSA: on this map
(01:19 / Allies) SVKdude: dont know
(01:22 / Allies) BruceWillisUSA: its easy to make a towe rall there
(01:26 / Allies) BruceWillisUSA: and then just stay 50 food
(01:28 / Allies) nicosan: yea do it
(01:31 / Allies) BruceWillisUSA: k
(01:36 / Allies) BruceWillisUSA: do it jsut past
(01:37 / Allies) BruceWillisUSA: the expo
(01:49 / Allies) nicosan: want me to do it
(01:53 / Allies) BruceWillisUSA: help with it
(01:55 / Allies) BruceWillisUSA: ill make some towers
(01:56 / Allies) BruceWillisUSA: u make some too
(01:58 / Allies) BruceWillisUSA: then get morts
(02:01 / Allies) BruceWillisUSA: to guard it
(02:04 / Allies) BruceWillisUSA: ill get hawks/gyro
(03:28 / Allies) SVKdude: fuck
(03:36 / Allies) BruceWillisUSA: ya u gotta wach those creeps
(04:37 / Allies) BruceWillisUSA: milita creepign this one
(05:23 / Allies) BruceWillisUSA: can u move
(05:43 / Allies) SVKdude: pink move
(05:44 / Allies) BruceWillisUSA: ty
(06:28 / Allies) BruceWillisUSA: lure them
(06:43 / Allies) BruceWillisUSA: bac
(06:44 / Allies) BruceWillisUSA: ...
(06:48 / Allies) nicosan: red back
(07:55 / Allies) BruceWillisUSA: lure
(07:57 / Allies) BruceWillisUSA: dont get lured
(08:10 / Allies) BruceWillisUSA: ;ire
(08:29 / Allies) BruceWillisUSA: get morts
(08:31 / Allies) BruceWillisUSA: no more melee
(08:47 / Allies) BruceWillisUSA: some1 expo dat
(09:34 / All) BruceWillisUSA: lol
(09:35 / All) BruceWillisUSA: close 1
(09:39 / Allies) BruceWillisUSA: can u heal?
(09:52 / All) BruceWillisUSA: lol
(09:53 / All) BruceWillisUSA: close 1
(09:55 / All) BruceWillisUSA: ally almost healed me
(09:55 / All) baddboi: smooth
(11:21 / Allies) SVKdude: we need to fight
(12:09 / Allies) nicosan: i have nights
(12:47 / Allies) BruceWillisUSA: anyone got morts?
(12:49 / Allies) BruceWillisUSA: in case they come with siege
(13:36 / Allies) BruceWillisUSA: back
(13:55 / Allies) BruceWillisUSA: at waht point did u think that battle was going your way
(13:55 / Allies) BruceWillisUSA: rofl
(13:57 / Allies) SVKdude: wtf
(15:58 / Allies) SVKdude: wood?
(16:39 / Allies) SVKdude: gogogogo
(18:46 / Allies) nicosan: my mine is gone
(19:31 / Allies) SVKdude: wtf guys
(19:38 / Allies) SVKdude: do something
(19:53 / Allies) nicosan: like what
(20:42 / Allies) nicosan: keep building towers to them
(20:55 / Allies) BruceWillisUSA: make tower sup there
(21:16 / Allies) nicosan: i have no gold
(22:44 / Allies) BruceWillisUSA: get up there@!
(22:47 / Allies) BruceWillisUSA: get to da choppa1
(23:38 / Allies) nicosan: i need gold
(23:59 / Allies) SVKdude: this is so stupid
(24:01 / Allies) nicosan: need gold
(24:07 / Allies) SVKdude: so
(24:13 / Allies) nicosan: wow
(24:17 / Allies) SVKdude: i need to
(24:56 / All) nicosan: gg
(25:00 / All) T-Tigers28: gg
(25:25 / All) baddboi: you kudos for being annoying as hell
(27:05 / Allies) BruceWillisUSA: u wont beat dat army
(27:09 / Allies) BruceWillisUSA: juss kill dey expo
(27:30 / All) BruceWillisUSA: u niggas ar gay
(27:43 / Allies) BruceWillisUSA: get a staff of teleportation
(27:45 / Allies) BruceWillisUSA: so u can get u p here
(27:50 / Allies) BruceWillisUSA: they cant get uyp there
(27:50 / Allies) BruceWillisUSA: with land
(27:53 / Allies) BruceWillisUSA: get ur hero a staff of tp
(27:55 / Allies) BruceWillisUSA: 150 gold
(28:55 / Allies) SVKdude: teal wtf r u doing
(29:06 / All) T-Tigers28: jus leave
(29:06 / Allies) BruceWillisUSA: i need those building dead
(29:08 / Allies) BruceWillisUSA: then ull see
(29:12 / All) BruceWillisUSA: u leave
(29:13 / All) BruceWillisUSA: idiet
(29:16 / All) baddboi: all good we got siege
(29:19 / All) T-Tigers28: stfu faggot
(29:22 / All) BruceWillisUSA: u got wiege
(29:25 / Allies) SVKdude: gold for teleport
(29:33 / Allies) BruceWillisUSA: staff of tp
(29:34 / Allies) BruceWillisUSA: not scroll
(30:24 / All) BruceWillisUSA: u guys are good
(30:29 / All) BruceWillisUSA: a little TOO good o.O
(30:43 / All) baddboi: qq
(31:05 / All) BruceWillisUSA: welcome to high perch
(31:09 / All) BruceWillisUSA: enjoy your stay
(31:44 / All) BruceWillisUSA: gj
(32:18 / All) BruceWillisUSA: U FOUND MY HEROS
(32:20 / All) BruceWillisUSA: RUHAHAH
(33:10 / Allies) SVKdude: what u wanna do
(33:15 / All) BruceWillisUSA: hauhauhauahuhaua
(34:00 / All) BruceWillisUSA: U LIKE CLIFFS?
(34:10 / Allies) SVKdude: 210gold for my second hero?
(34:19 / Allies) BruceWillisUSA: SRY I NEED IT ALL FO TOWERS
(34:28 / Allies) BruceWillisUSA: THEY GOT KLIKE 12K ON MINES
(34:28 / Allies) SVKdude: ok
(34:30 / Allies) SVKdude: np
(34:32 / Allies) BruceWillisUSA: TO SPEND ON SHIT TO KILL OUR MOUNTAIN
(35:56 / All) BruceWillisUSA: THEY DONT CALL HIM THE MOUNTAIN KING FOR NOTHIN
(36:57 / All) BruceWillisUSA: YOUR MOVE
(37:13 / All) baddboi: i can sit here all night
(37:17 / All) BruceWillisUSA: its 5 in the morning
(37:20 / All) BruceWillisUSA: and i got fired yesterday
(37:56 / Allies) BruceWillisUSA: honestly he can afford to send 500 bats at us
(37:59 / Allies) BruceWillisUSA: if he plays it right
(38:07 / Allies) BruceWillisUSA: hopefuly hes a goofball and cant click concoct fast enough
(40:04 / Allies) BruceWillisUSA: too bad our guy
(40:06 / Allies) BruceWillisUSA: didnt make aa
(40:08 / Allies) BruceWillisUSA: instead of kngihts
(44:40 / All) BruceWillisUSA: gj
(44:53 / All) BruceWillisUSA: if u really have all night
(44:57 / All) BruceWillisUSA: id suggest
(44:59 / All) BruceWillisUSA: taking the other mountain
(45:04 / All) BruceWillisUSA: since id have just as hard a time
(45:06 / All) BruceWillisUSA: killing it
(45:40 / Allies) SVKdude: give me my teleport back from your paly
(45:49 / Allies) BruceWillisUSA: u have your teleport
(46:07 / Allies) SVKdude: i give to palu by acsident
(46:11 / Allies) BruceWillisUSA: no
(46:13 / Allies) BruceWillisUSA: your mk is at top
(46:16 / Allies) BruceWillisUSA: leavers mk is bottom
(46:17 / Allies) BruceWillisUSA: you still have it
(46:24 / Allies) SVKdude: no i dont
(46:29 / Allies) BruceWillisUSA: share control
(46:32 / Allies) BruceWillisUSA: and ill show you your mk
(46:32 / Allies) SVKdude: ok
(46:34 / Allies) BruceWillisUSA: hes right ther
(46:41 / Allies) SVKdude: got it
(46:45 / Allies) SVKdude: :)
(46:50 / Allies) BruceWillisUSA: if you make me think ur a liability
(46:52 / Allies) BruceWillisUSA: you wont be on this perch long
(46:53 / Allies) BruceWillisUSA: bud
(47:04 / Allies) SVKdude: i
(47:14 / Allies) BruceWillisUSA: u were trying to use th leavers mk
(47:18 / Allies) BruceWillisUSA: as an experiment
(47:20 / Allies) BruceWillisUSA: and get him killed
(47:22 / Allies) BruceWillisUSA: its cool tho
(47:24 / Allies) SVKdude: ya :)
(47:25 / Allies) BruceWillisUSA: perching not cut out for everyone
(47:40 / All) BruceWillisUSA: u guys
(47:44 / All) BruceWillisUSA: why dont u just get a boat up here
(47:45 / All) BruceWillisUSA: ??
(47:47 / All) BruceWillisUSA: like i did
(48:04 / All) BruceWillisUSA: its a special item combo
(48:18 / All) BruceWillisUSA: you have to get 2 tp scrolls, scroll of retraining and scroll of teleportatin
(48:24 / All) BruceWillisUSA: im ean staff
(48:29 / All) BruceWillisUSA: 2 tp scrolls, scroll of retraining, and staff
(49:49 / All) BruceWillisUSA: u know whats good for standoffs like this?
(49:54 / All) BruceWillisUSA: mining your gold below 50 food ;)
(50:18 / Allies) BruceWillisUSA: we got this
(50:19 / Allies) BruceWillisUSA: theyre broke
(50:27 / Allies) BruceWillisUSA: if they sell all items and unsummon
(50:32 / Allies) BruceWillisUSA: they could barely afford one more wave
(50:42 / Allies) BruceWillisUSA: all they can do now is make a base of towers
(50:44 / Allies) BruceWillisUSA: and hope we leave
(50:53 / All) BruceWillisUSA: so what happened to baddboi
(50:57 / All) BruceWillisUSA: u guys kick him off the team?
(51:01 / All) BruceWillisUSA: or was he jus t smarter than u
(53:37 / All) BruceWillisUSA: neitehr one of us doin anythign anyway
(53:49 / All) BruceWillisUSA: i unpaused it
(53:51 / All) BruceWillisUSA: that ok?
(53:55 / All) BruceWillisUSA: i liek to watch the units dance